 Dungeon Sprint DCSS version 0.29-a0-1027-gcd8c55af63 (webtiles) character file.

Game seed: 17656313671670254392

164052 mhtbhm the Ninja (level 15, -4/91 HPs)
             Began as a Spriggan Brigand on Aug 13, 2022.
             Was the Champion of Dithmenos.
             Killed from afar by Roxanne (73 damage)
             ... with a crystal spear
             ... in the Dungeon (Sprint III: "The Ten Rune Challenge").
             The game lasted 00:31:05 (8108 turns).

mhtbhm the Ninja (Spriggan Brigand)                 Turns: 8108, Time: 00:31:07

Health: -4/91      AC: 11    Str: 25    XL:     15   Next: 79%
Magic:  27/31      EV: 47    Int:  8    God:    Dithmenos [******]
Gold:   3753       SH:  0    Dex: 24    Spells: 11/14 levels left

rFire   + . .      SeeInvis +   w - +6 quick blade (venom)
rCold   . . .      Faith    .   (no shield)
rNeg    . . .      Spirit   .   b - +2 robe {rC+}
rPois   .          Reflect  .   v - +2 hat "Ehyzuzuva" {Will+}
rElec   +          Harm     .   c - +2 cloak
rCorr   .          Rampage  .   (gloves unavailable)
Will    ++++.      NoTele   +   (boots unavailable) Stlth ###*******
                                E - amulet of Fedhas's Pride {*Corrode Regen+ Str+9 SInv Stlth+}
HPRegen 1.05/turn               T - ring of flight
MPRegen 0.22/turn               F - ring "Suenud" {Fire Will+ Str+9 Int-5 Stlth+}

@: mighty, flying, wreathed by umbra, studying Staves, very quick
A: very small, no large weapons, unfitting armour, see invisible, speed 3,
talons 2, iridescent scales 1, electricity resistance
}: 4/10 runes: decaying, serpentine, silver, demonic
a: Renounce Religion, Shadow Step, Shadow Form


You were in the Dungeon.
You worshipped Dithmenos.
Dithmenos was exalted by your worship.
You visited 1 branch You collected 6571 gold pieces.
You spent 2818 gold pieces at shops.

Inventory:

Hand Weapons
 a - the +6 short sword of Integrity {freeze, rElec rPois rF+ Dex+2}
   (You found it in the Dungeon)

   It freezes those it strikes, dealing additional cold damage.
   It can also slow down cold-blooded creatures.
   Dex:       It affects your dexterity (+2).
   rF:        It protects you from fire.
   rElec:     It insulates you from electricity.
   rPois:     It protects you from poison.
 w - a +6 quick blade of venom (weapon)
 H - the +8 mithril axe "Arga" {speed, Will+}
   (You found it in the Dungeon)

   Attacks with this weapon are significantly faster.
   Will:      It increases your willpower.
Missiles
 d - 9 poisoned darts
 e - 2 curare-tipped darts (quivered)
 t - 10 atropa-tipped darts
 U - 6 boomerangs
Armour
 b - a +2 robe of cold resistance (worn)
 c - a +2 cloak (worn)
 v - the +2 hat "Ehyzuzuva" (worn) {Will+}
   (You acquired it in the Dungeon)

   Will:      It increases your willpower.
 I - a +2 robe of positive energy
 W - a +2 robe of fire resistance
Jewellery
 z - a +4 ring of protection
 A - the ring "Emuvog" {rPois rN+}
   (You found it in the Dungeon)

   [ring of poison resistance]

   rPois:     It protects you from poison.
   rN:        It protects you from negative energy.
 B - a ring of poison resistance
 C - a +6 ring of strength
 D - a ring of protection from fire
 E - the amulet of Fedhas's Pride (around neck) {*Corrode Regen+ Str+9 SInv Stlth+}
   (You found it in the Dungeon)

   [amulet of regeneration]

   Str:       It affects your strength (+9).
   SInv:      It lets you see invisible.
   Regen:     It increases your rate of health regeneration.
   *Corrode:  It may corrode you when you take damage.
   Stlth:     It makes you more stealthy.
 F - the ring "Suenud" (right hand) {Fire Will+ Str+9 Int-5 Stlth+}
   (You found it in the Dungeon)

   [ring of fire]

   It enhances your fire magic.
   Str:       It affects your strength (+9).
   Int:       It affects your intelligence (-5).
   rF:        It protects you from fire.
   rC:        It makes you vulnerable to cold.
   Will:      It increases your willpower.
   Stlth:     It makes you more stealthy.
 T - a ring of flight (left hand)
Wands
 q - a wand of flame (26)
 x - a wand of paralysis (8)
 N - a wand of digging (8)
 P - a wand of light (6)
 S - a wand of mindburst (28)
Scrolls
 j - a scroll of silence
 l - a scroll of poison
 m - a scroll of immolation
 o - a scroll of vulnerability
 u - 5 scrolls of identify
 y - 5 scrolls of amnesia
 J - a scroll of butterflies
 K - 2 scrolls of enchant weapon
 L - a scroll of blinking
 O - a scroll of enchant armour
Potions
 g - 6 potions of heal wounds
 h - 3 potions of haste
 i - 2 potions of magic
 k - a potion of lignification
 n - a potion of resistance
 p - 7 potions of mutation
 r - 5 potions of might
 R - 3 potions of flight
 X - 2 potions of curing
 Y - 2 potions of invisibility
 Z - 2 potions of berserk rage
Miscellaneous
 f - a condenser vane
 s - a piece from Xom's chessboard (15/15)
 G - a box of beasts
 M - a lightning rod (4/4)
 Q - a phial of floods
 V - a tin of tremorstones (2/2)


   Skills:
 + Level 15.8 Fighting
 + Level 19.8 Short Blades
 + Level 14.4 Throwing
 O Level 27 Dodging
 O Level 27 Stealth
 * Level 23.7 Invocations
 + Level 23.9 Evocations


You had 11 spell levels left.
You knew the following spells:

 Your Spells              Type           Power      Damage    Failure   Level
a - Swiftness             Air            0%         N/A       78%         3

Your spell library contained the following spells:

 Spells                   Type           Power      Damage    Failure   Level
 Dazzling Flash           Conj/Hex       0%         N/A       78%         3
 Summon Guardian Golem    Hex/Summ       0%         N/A       78%         3
 Iskenderun's Mystic Bla  Conj/Tloc      0%         2d3       99%         4
 Petrify                  Tmut/Erth      0%         N/A       99%         4
 Summon Ice Beast         Ice/Summ       0%         N/A       99%         4
 Starburst                Conj/Fire      0%         6d3       100%        6
 Monstrous Menagerie      Summ           0%         N/A       100%        7
 Dragon's Call            Summ           0%         N/A       100%        9


Dungeon Overview and Level Annotations

Branches:
Dungeon (1/1)

Altars:
Cheibriados
Dithmenos
Elyvilon
Fedhas
Gozag
Hepliaklqana
Kikubaaqudgha
Makhleb
Nemelex Xobeh
Okawaru
Qazlal
Ru
Sif Muna
Trog
Uskayaw
Vehumet
Wu Jian
Xom
Yredelemnul
Zin
The Shining One
Jiyva
Lugonu

Shops:
D !(:*=(?!!![?[=!:!*(=:!

Annotations:
D Roxanne


Innate Abilities, Weirdness & Mutations

You are very small and have problems with some larger weapons.
You are too small for most types of armour.
You have supernaturally acute eyesight. (SInv)
You cover ground extremely quickly. (Speed+++)
You have razor-sharp toenails.
You are partially covered in iridescent scales. (AC +2)
You are resistant to electric shocks. (rElec)


Message History

Roxanne is moderately damaged.
Your shadow hits Roxanne but does no damage.
Roxanne mumbles some strange words.
The iron shot hits you!!
You hit Roxanne but do no damage. You claw Roxanne, but do no damage.
Roxanne is moderately damaged.
You hit Roxanne.
Roxanne is moderately damaged.
Your shadow hits Roxanne but does no damage.
You hit Roxanne. You punch Roxanne, but do no damage.
Roxanne is moderately damaged.
Your shadow hits Roxanne but does no damage.
You hit Roxanne but do no damage. You claw Roxanne!
Roxanne is heavily damaged.
You hit Roxanne but do no damage. You claw Roxanne, but do no damage.
Roxanne is heavily damaged.
You hit Roxanne but do no damage. You claw Roxanne.
Roxanne is heavily damaged.
You impale Roxanne!! You claw Roxanne, but do no damage.
Roxanne is heavily damaged.
Your shadow hits Roxanne but does no damage.
You hit Roxanne but do no damage. You claw Roxanne.
Roxanne is heavily damaged.
You hit Roxanne but do no damage. You claw Roxanne, but do no damage.
Roxanne is heavily damaged.
You hit Roxanne. You claw Roxanne, but do no damage.
Roxanne is heavily damaged.
You puncture Roxanne!
Roxanne is severely damaged.
Your shadow hits Roxanne but does no damage.
You puncture Roxanne!
Roxanne is severely damaged.
Your shadow hits Roxanne but does no damage.
You puncture Roxanne!
Roxanne is severely damaged.
Your shadow hits Roxanne but does no damage.
Roxanne mumbles some strange words.
The crystal spear hits you!!!!
Ouch! That really hurt!
You die...

~~~~~~~,**,,,,,,,,#'###.......#**
~~~~~,,,**~,,,,,,~#~~~##.....##^^
,~~,,,,,**,~,,,,~,#'#'###...##*^*
,,,,,,,,*****++**##.#.# ##+##**,*
,,,,,,,8**,,+,,,,.#'#####,~~~+*^*
*+***************.#..'∩∩#,~~,*^^*
,,,,,,,,,*,,,* ##.####∩∩#,~~,****
,,,,,,,,,*,,,###...###..#,,~,*,,+
,,,,,,,,,+,,,+..@8...'..+,,~~+,,*
,,,,,,,,,*,,,###...###..#~~~,*,,*
,,,,,,,,,*,,,* ##.##∩#..#,,,,*,,*
**+**************.#,,#..#***+****
,,,,*,,,**,,,,,,*+#+*#..#,*,*,*,*
,,,,+,,,**,,,,,,*,+,,+..+*,*,*,*,
,,,,*,,,**,,,,,,*,***#..#,*,*,*,*
******+***,,,,,,+,*,*####********
,,,,,,,* *,,,,,,***,*,,,,,,,*,,,,


You could see Roxanne.

Vanquished Creatures
  Sojobo (D)
  Boris (D)
  Xtahua (D)
  Nellie (D)
  Rupert (D)
  A lich (D)
  A deep elf master archer (D)
  2 quicksilver dragons (D)
  Frances (D)
  2 shadow dragons (D)
  2 sphinxes (D)
  Gastronok (D)
  Chuck (D)
  Donald (D)
  4 azure jellies (D)
  3 frost giants (D)
  A nagaraja (D)
  2 fire giants (D)
  A stone giant (D)
  A deep elf demonologist (D)
  Azrael (D)
  2 deep elf annihilators (D)
  2 dire elephants (D)
  Josephine (D)
  4 fire dragons (D)
  A mummy priest (D)
  2 deep elf high priests (D)
  4 yaktaur captains (D)
  3 hydras (D)
  16 vault guards (D)
  An ogre mage (D)
  3 centaur warriors (D)
  A naga warrior (D)
  2 anacondas (D)
  4 dancing weapons (D)
  4 death yaks (D)
  A titan zombie (D)
  Urug (D)
  6 skeletal warriors (D)
  A death drake (shapeshifter) (D)
  A spriggan druid (D)
  A death drake (D)
  An anaconda zombie (D)
  A swamp dragon (shapeshifter) (D)
  A lindwurm (D)
  2 obsidian statues (D)
  An orb spider (shapeshifter) (D)
  2 orc knights (D)
  2 oklob plants (D)
  4 deep elf zephyrmancers (D)
  4 crystal guardians (D)
  4 ugly things (D)
  A cyclops (shapeshifter) (D)
  2 elephants (D)
  3 deep elf pyromancers (D)
  A stone giant skeleton (D)
  A guardian serpent (D)
  A water nymph (shapeshifter) (D)
  5 black mambas (D)
  2 cane toads (D)
  A rime drake (D)
  A komodo dragon (D)
  2 unseen horrors (D)
  A yaktaur (D)
  2 anaconda simulacra (D)
  11 guardian mummies (D)
  3 wandering mushrooms (D)
  A queen bee (D)
  4 spriggan defenders (D)
  2 tyrant leeches (D)
  4 statues (D)
  8 blink frogs (D)
  An orc high priest (D)
  6 slime creatures (D)
  A shadow (D)
  2 spriggans (D)
  3 redbacks (D)
  An iron troll simulacrum (D)
  A spatial vortex (D)
  2 nagas (D)
  4 water moccasins (D)
  A hydra simulacrum (D)
  2 hell hounds (D)
  A floating eye (D)
  A swamp drake (D)
  4 orc warriors (D)
  A black mamba simulacrum (D)
  2 centaurs (D)
  An earth elemental (D)
  A necrophage (D)
  A water elemental (D)
  32 killer bees (D)
  An electric eel (D)
  5 orc priests (D)
  A jelly (D)
  Jessica (D)
  A wizard (D)
  A necromancer (D)
  4 orc wizards (D)
  A wolf simulacrum (D)
  A polar bear simulacrum (D)
  3 humans (D)
  A kobold demonologist (D)
  A wolf (D)
  6 adders (D)
  6 orcs (D)
  An endoplasm (D)
  A rat (D)
  6 butterflies (D)
278 creatures vanquished.

Vanquished Creatures (collateral kills)
  An iron troll simulacrum (D)
1 creature vanquished.

Vanquished Creatures (others)
  2 bushes (D)
  13 plants (D)
15 creatures vanquished.

Grand Total: 294 creatures vanquished

Notes
Turn   | Place    | Note
-------+----------+-------------------------------------------
     0 | D        | mhtbhm the Spriggan Brigand began the quest for the Orb.
     0 | D        | Reached XP level 1. HP: 10/10 MP: 2/2
    12 | D        | Noticed Jessica
    15 | D        | Killed Jessica
    16 | D        | Reached XP level 2. HP: 16/16 MP: 3/3
    58 | D        | Reached skill level 10 in Stealth
    58 | D        | Reached XP level 3. HP: 19/19 MP: 4/4
   197 | D        | Gained mutation: You are partially covered in iridescent
                  | scales. (AC +2) [potion of mutation]
   197 | D        | Gained mutation: You have sharp toenails. [potion of
                  | mutation]
   197 | D        | Gained mutation: You have razor-sharp toenails. [potion of
                  | mutation]
   197 | D        | Gained mutation: You are resistant to electric shocks.
                  | (rElec) [potion of mutation]
   214 | D        | Noticed a water elemental
   217 | D        | Killed a water elemental
   218 | D        | Reached XP level 4. HP: 22/24 MP: 5/5
   247 | D        | Found a radiant altar of Vehumet.
   248 | D        | Found a shimmering blue altar of Sif Muna.
   248 | D        | Found an ancient bone altar of Kikubaaqudgha.
   248 | D        | Noticed a wizard
   249 | D        | Killed a wizard
   250 | D        | Reached XP level 5. HP: 28/28 MP: 6/6
   272 | D        | Found a shadowy altar of Dithmenos.
   273 | D        | Found a basalt altar of Yredelemnul.
   273 | D        | Found a sacrificial altar of Ru.
   275 | D        | Reached skill level 15 in Stealth
   284 | D        | Became a worshipper of Dithmenos the Shadowed
   295 | D        | Found a glowing silver altar of Zin.
   296 | D        | Found a glowing golden altar of the Shining One.
   296 | D        | Found a white marble altar of Elyvilon.
   296 | D        | Noticed a deep elf pyromancer
   314 | D        | Killed a deep elf pyromancer
   315 | D        | Reached skill level 5 in Short Blades
   315 | D        | Reached skill level 5 in Throwing
   315 | D        | Reached XP level 6. HP: 24/33 MP: 6/9
   315 | D        | Reached XP level 7. HP: 26/37 MP: 6/10
   412 | D        | Found a hide-covered altar of Uskayaw.
   412 | D        | Found an iron altar of Okawaru.
   413 | D        | Found a bloodstained altar of Trog.
   413 | D        | Found an ornate altar of the Wu Jian Council.
   413 | D        | Noticed a human
   413 | D        | Noticed a human
   415 | D        | Killed a human
   416 | D        | Killed a human
   416 | D        | Reached * piety under Dithmenos
   417 | D        | Reached skill level 5 in Invocations
   433 | D        | Noticed a shadow
   435 | D        | Killed a shadow
   436 | D        | Reached XP level 8. HP: 42/42 MP: 11/13
   442 | D        | Found a blossoming altar of Fedhas.
   442 | D        | Found a stormy altar of Qazlal.
   442 | D        | Found a snail-covered altar of Cheibriados.
   442 | D        | Found a burning altar of Makhleb.
   442 | D        | Found a shimmering altar of Xom.
   443 | D        | Found a hazy altar of Hepliaklqana.
   443 | D        | Found an opulent altar of Gozag.
   443 | D        | Found a sparkling altar of Nemelex Xobeh.
   443 | D        | Found a corrupted altar of Lugonu.
   443 | D        | Found a viscous altar of Jiyva.
   446 | D        | Reached ** piety under Dithmenos
   466 | D        | Noticed Josephine
   494 | D        | Killed Josephine
   495 | D        | Reached skill level 5 in Fighting
   495 | D        | Reached skill level 1 in Evocations
   842 | D        | Noticed a centaur warrior
   845 | D        | Reached XP level 9. HP: 47/47 MP: 15/15
   856 | D        | Reached *** piety under Dithmenos
   873 | D        | Killed a centaur warrior
  1093 | D        | Noticed an unseen horror
  1094 | D        | Killed an unseen horror
  1095 | D        | Reached skill level 5 in Dodging
  1095 | D        | Noticed an unseen horror
  1100 | D        | Killed an unseen horror
  1108 | D        | Noticed a wandering mushroom
  1112 | D        | Noticed a wandering mushroom
  1114 | D        | Noticed a wandering mushroom
  1115 | D        | Killed a wandering mushroom
  1115 | D        | Reached **** piety under Dithmenos
  1120 | D        | Killed a wandering mushroom
  1123 | D        | Killed a wandering mushroom
  1129 | D        | Noticed a cane toad
  1129 | D        | Noticed a komodo dragon
  1129 | D        | Noticed a cane toad
  1133 | D        | Killed a komodo dragon
  1133 | D        | Reached ***** piety under Dithmenos
  1134 | D        | Reached XP level 10. HP: 53/53 MP: 17/17
  1135 | D        | Killed a cane toad
  1136 | D        | Killed a cane toad
  1137 | D        | Reached skill level 5 in Evocations
  1160 | D        | Noticed a lindwurm
  1162 | D        | Killed a lindwurm
  1163 | D        | Reached skill level 10 in Invocations
  1169 | D        | Reached ****** piety under Dithmenos
  1170 | D        | Noticed Urug
  1172 | D        | Killed Urug
  1173 | D        | Reached skill level 27 in Stealth
  1220 | D        | Noticed Donald
  1220 | D        | Noticed Frances
  1222 | D        | Killed Frances
  1223 | D        | Reached skill level 10 in Short Blades
  1223 | D        | Reached XP level 11. HP: 54/58 MP: 14/20
  1224 | D        | Killed Donald
  1262 | D        | Noticed an orc knight
  1262 | D        | Noticed an orc knight
  1266 | D        | Killed an orc knight
  1266 | D        | Killed an orc knight
  1268 | D        | Found Hiteraj's Assorted Antiques.
  1399 | D        | Bought a scroll of immolation for 108 gold pieces
  1479 | D        | Noticed an obsidian statue
  1491 | D        | Found Huiwkir's Distillery.
  1491 | D        | Found Ruisy's Antique Weapon Shop.
  1491 | D        | Found Ygovosch's Distillery.
  1491 | D        | Found Tevac's Distillery.
  1491 | D        | Found Badwiuv's Book Boutique.
  1491 | D        | Found Loteb's General Store.
  1491 | D        | Found Meuver's Jewellery Shoppe.
  1491 | D        | Found Soapny's Book Shop.
  1491 | D        | Found Jilaacath's Antique Armour Shop.
  1491 | D        | Found Acsuakha's Jewellery Emporium.
  1491 | D        | Found Ytey's Magic Scroll Emporium.
  1562 | D        | Bought a transparent robe for 148 gold pieces
  1562 | D        | Identified the +1 robe "Waanext" {Str+8 Int-5 Dex-5 Slay+4}
                  | (You bought it in a shop in the Dungeon)
  1563 | D        | Bought an embroidered robe for 96 gold pieces
  1574 | D        | Bought a potion of heal wounds for 65 gold pieces
  1574 | D        | Bought a potion of might for 52 gold pieces
  1574 | D        | Bought a potion of berserk rage for 65 gold pieces
  1574 | D        | Bought a potion of curing for 39 gold pieces
  1577 | D        | Bought a potion of resistance for 100 gold pieces
  1577 | D        | Bought a potion of heal wounds for 50 gold pieces
  1577 | D        | Bought a potion of might for 40 gold pieces
  1577 | D        | Bought a potion of flight for 30 gold pieces
  1581 | D        | Bought a scroll of immolation for 52 gold pieces
  1625 | D        | Noticed a yaktaur captain
  2080 | D        | Noticed Rupert
  2082 | D        | Killed Rupert
  2083 | D        | Reached skill level 10 in Dodging
  2115 | D        | Noticed a dire elephant
  2115 | D        | Noticed a dire elephant
  2115 | D        | Noticed Gastronok
  2121 | D        | Killed a dire elephant
  2123 | D        | Killed Gastronok
  2124 | D        | Reached skill level 10 in Throwing
  2124 | D        | Killed a dire elephant
  2125 | D        | Reached XP level 12. HP: 65/65 MP: 22/24
  2150 | D        | Noticed an azure jelly
  2150 | D        | Noticed an azure jelly
  2150 | D        | Noticed an azure jelly
  2151 | D        | Noticed an azure jelly
  2166 | D        | Noticed a death yak
  2167 | D        | Noticed a death yak
  2170 | D        | Noticed a death yak
  2170 | D        | Noticed a death yak
  2171 | D        | Killed a death yak
  2172 | D        | Reached skill level 15 in Invocations
  2172 | D        | Killed a death yak
  2175 | D        | Killed a death yak
  2177 | D        | Killed a death yak
  2186 | D        | Reached skill level 10 in Evocations
  2214 | D        | Noticed an anaconda
  2215 | D        | Killed an anaconda
  2227 | D        | Noticed an anaconda
  2274 | D        | Killed an anaconda
  2499 | D        | Noticed a naga warrior
  2499 | D        | Noticed a nagaraja
  2499 | D        | Found Nitijog's Distillery.
  2499 | D        | Found Ucanicoi's Antique Weapon Emporium.
  2502 | D        | Found Faqoy's Book Shop.
  2503 | D        | Killed a naga warrior
  2504 | D        | Killed a nagaraja
  2532 | D        | Bought a potion of berserk rage for 50 gold pieces
  2532 | D        | Bought a potion of heal wounds for 50 gold pieces
  2532 | D        | Bought a potion of curing for 30 gold pieces
  2532 | D        | Bought a potion of might for 40 gold pieces
  2532 | D        | Bought a potion of resistance for 100 gold pieces
  2532 | D        | Bought a potion of flight for 30 gold pieces
  2534 | D        | Bought a manual of Dodging for 800 gold pieces
  2568 | D        | Got a serpentine rune of Zot
  2844 | D        | Got Sif Muna's Octavo of the Cloudy Escort
  2866 | D        | Noticed a yaktaur captain
  2891 | D        | Reached XP level 13. HP: 67/72 MP: 21/26
  2892 | D        | Reached skill level 10 in Fighting
  3013 | D        | Reached skill level 15 in Dodging
  3276 | D        | Noticed a fire dragon
  3281 | D        | Killed a fire dragon
  3488 | D        | Noticed an ancient lich
  3516 | D        | Identified the +6 short sword of Integrity {freeze, rElec
                  | rPois rF+ Dex+2}
  3557 | D        | Noticed a mummy priest
  3557 | D        | Noticed a sphinx
  3557 | D        | Noticed a sphinx
  3689 | D        | Killed a mummy priest
  3703 | D        | Killed a sphinx
  3704 | D        | Killed a sphinx
  3947 | D        | Noticed a mummy priest
  4107 | D        | Noticed Chuck
  4117 | D        | Killed Chuck
  4137 | D        | Noticed Sojobo
  4142 | D        | Killed Sojobo
  4179 | D        | Reached skill level 15 in Short Blades
  4225 | D        | Noticed a lich
  4227 | D        | Killed a lich
  4251 | D        | Noticed a shadow dragon
  4251 | D        | Noticed a shadow dragon
  4261 | D        | Reached skill level 15 in Evocations
  4261 | D        | Reached XP level 14. HP: 80/80 MP: 28/28
  4261 | D        | Killed a shadow dragon
  4262 | D        | Killed a shadow dragon
  5401 | D        | Noticed a deep elf master archer
  5403 | D        | Killed a deep elf master archer
  5410 | D        | Found the +8 mithril axe "Arga" {speed, Will+}
  5443 | D        | Identified the +1 scimitar of Kismet {spect, rElec}
  5447 | D        | Identified the +9 mace "Cineleer" {vorpal, Fly}
  5449 | D        | Identified the ring "Fyisire" {MP+9 Str+4}
  5455 | D        | Identified the amulet of Fedhas's Pride {*Corrode Regen+
                  | Str+9 SInv Stlth+}
  5455 | D        | Identified the ring "Suenud" {Fire Will+ Str+9 Int-5
                  | Stlth+}
  5671 | D        | Found a blossoming altar of Fedhas.
  5692 | D        | Learned a level 3 spell: Swiftness
  5727 | D        | Found Gaupt's Jewellery Emporium.
  5729 | D        | Found Bomoges's Antique Weapon Shop.
  5797 | D        | Found Quetuck's Magic Scroll Shoppe.
  5943 | D        | Killed an azure jelly
  5955 | D        | Killed an azure jelly
  6019 | D        | Killed an azure jelly
  6025 | D        | Killed an azure jelly
  6108 | D        | Bought a scroll of brand weapon for 133 gold pieces
  6108 | D        | Bought a scroll of enchant weapon for 105 gold pieces
  6131 | D        | Noticed Xtahua
  6169 | D        | Killed Xtahua
  6300 | D        | Got a decaying rune of Zot
  6480 | D        | Identified a scroll of acquirement
  6483 | D        | Acquired the +2 hat "Ehyzuzuva" {Will+}
  6693 | D        | Noticed a fire giant
  6693 | D        | Noticed a frost giant
  6693 | D        | Noticed a quicksilver dragon
  6693 | D        | Noticed a stone giant
  6693 | D        | Noticed a quicksilver dragon
  6693 | D        | Noticed a fire giant
  6693 | D        | Noticed a frost giant
  6694 | D        | Noticed a frost giant
  6698 | D        | Reached XP level 15. HP: 88/88 MP: 30/30
  6698 | D        | Killed a quicksilver dragon
  6698 | D        | Killed a fire giant
  6699 | D        | Killed a quicksilver dragon
  6700 | D        | Killed a frost giant
  6701 | D        | Killed a frost giant
  6702 | D        | Reached skill level 27 in Dodging
  6702 | D        | Killed a frost giant
  6704 | D        | Killed a fire giant
  6705 | D        | Reached skill level 15 in Fighting
  6866 | D        | Got a silver rune of Zot
  6872 | D        | Identified the ring "Emuvog" {rPois rN+}
  6971 | D        | Got Sif Muna's Catalogue of the Thoughtful Youths
  7370 | D        | Noticed Azrael
  7372 | D        | Killed Azrael
  7409 | D        | Acquired 706 gold pieces
  7413 | D        | Acquired 1140 gold pieces
  7473 | D        | Noticed Nellie
  7487 | D        | Killed Nellie
  7500 | D        | Got a demonic rune of Zot
  7759 | D        | Noticed Boris
  8038 | D        | Killed Boris
  8059 | D        | Found Rieresch's Distillery.
  8059 | D        | Found Apyeso's Distillery.
  8059 | D        | Found Ostiwagu's Distillery.
  8059 | D        | Found Jenoru's Armour Shoppe.
  8066 | D        | Bought a potion of heal wounds for 60 gold pieces
  8066 | D        | Bought a potion of might for 48 gold pieces
  8066 | D        | Bought a potion of invisibility for 96 gold pieces
  8066 | D        | Bought a potion of berserk rage for 60 gold pieces
  8067 | D        | Bought a potion of heal wounds for 55 gold pieces
  8067 | D        | Bought a potion of curing for 33 gold pieces
  8067 | D        | Bought a potion of berserk rage for 55 gold pieces
  8067 | D        | Bought a potion of invisibility for 88 gold pieces
  8068 | D        | Bought a potion of haste for 100 gold pieces
  8068 | D        | Bought a potion of might for 40 gold pieces
  8080 | D        | Noticed Roxanne
  8108 | D        | Killed from afar by Roxanne

Illustrated notes

Levels and vault maps discovered:
D:        dungeon_sprint_mu [sprint_mu_entry_forest, sprint_mu_temple_rooms,
          sprint_mu_d1_horrors, sprint_mu_d2_genie, sprint_mu_d3_branching,
          sprint_mu_orc_legion, sprint_mu_elf_gauntlet, sprint_mu_hive_nellie,
          sprint_mu_lair_fedhas, sprint_mu_vaults_butterflies,
          sprint_mu_slime_circle, sprint_mu_swamp_cave, sprint_mu_snake_twists,
          sprint_mu_blade_basic, sprint_mu_crypt_lich, sprint_mu_tomb_spiral,
          sprint_mu_vestibule_basic, sprint_mu_gehenna_hellfire,
          sprint_mu_dis_giant, sprint_mu_tartarus_statrot,
          sprint_mu_cocytus_islands, sprint_mu_zot1]

Skill      XL: |  1  2  3  4  5  6  7  8  9 10 11 12 13 14 15 |
---------------+----------------------------------------------+-----
Stealth        | 9 10 13 19 20 23 25 27 | 27.0
Fighting       | 2 3 4 5 6 8 9 12 14 15 | 15.8
Short Blades   | 3 5 6 7 8 10 12 13 15 17 19 | 19.8
Throwing       | 3 5 6 7 8 10 12 13 14 | 14.4
Dodging        | 2 3 5 8 11 14 19 24 27 | 27.0
Invocations    | 3 5 7 9 11 14 17 19 21 23 | 23.7
Evocations     | 2 4 6 9 11 15 18 23 | 23.9

Action                   |  1- 3 |  4- 6 |  7- 9 | 10-12 | 13-15 || total
-------------------------+-------+-------+-------+-------+-------++-------
Melee: Dagger            |     7 |     5 |    68 |   138 |    29 ||   247
       Kick              |       |       |    29 |    43 |   252 ||   324
       Punch             |       |       |       |     1 |     6 ||     7
       Short sword       |       |       |       |       |   267 ||   267
       Quick blade       |       |       |       |       |   237 ||   237
Throw: Dart              |     4 |     3 |     4 |     9 |     6 ||    26
Invok: Shadow Step       |       |       |       |     8 |    21 ||    29
Evoke: Wand              |       |     1 |       |     1 |     7 ||     9
       Piece from Xom's  |       |       |     7 |     3 |    16 ||    26
       Condenser vane    |       |       |       |       |     5 ||     5
       Lightning rod     |       |       |       |       |    10 ||    10
       Box of beasts     |       |       |       |       |     2 ||     2
  Use: Potion            |     1 |       |     6 |     3 |    10 ||    20
       Scroll            |       |       |       |     5 |    14 ||    19
 Stab: Sleeping          |     4 |     4 |    12 |    57 |    61 ||   138
       Confused          |       |       |       |     1 |       ||     1
       Petrified         |       |       |       |     1 |       ||     1
       Paralysed         |       |       |       |     1 |       ||     1
       Distracted        |       |       |       |       |     8 ||     8
Armor: Robe              |       |       |    16 |     1 |    19 ||    36
Dodge: Dodged            |     1 |       |    55 |    48 |   329 ||   433

Table legend: (Time is in decaauts)
 A = Elapsed time spent in this place.
 B = Non-inter-level travel time spent in this place.
 C = Inter-level travel time spent in this place.
 D = Time resting spent in this place.
 E = Time spent auto-exploring this place.
 F = Levels seen in this place.
 G = Mean time per level.
                   A        B        C        D        E       F      G
               +--------+--------+--------+--------+--------+-----+--------+
         Total |   6421 |   6374 |     47 |   3464 |     54 |   1 | 6421.0 |
       Dungeon |   6421 |   6374 |     47 |   3464 |     54 |   1 | 6421.0 |
               +--------+--------+--------+--------+--------+-----+--------+

Top non-repeatable levels by time:
       D: 6421 daAuts
